 Dungeon Crawl Stone Soup version 0.23.0 (webtiles) character file.

Game seed: 4190942259681571649

17512 lapinsky the Basher (level 12, -5/91 HPs)
             Began as a Demonspawn Fighter on Feb 11, 2019.
             Was a Priest of Nemelex Xobeh.
             Slain by a catoblepas (7 damage)
             ... while petrified by you
             ... in an ice cave.
             The game lasted 00:58:59 (10428 turns).

lapinsky the Basher (Demonspawn Fighter)           Turns: 10428, Time: 00:58:59

Health: -5/91      AC: 20    Str: 21    XL:     12   Next: 19%
Magic:  0/18       EV:  2    Int: 10    God:    Nemelex Xobeh [***...]
Gold:   696        SH:  0    Dex: 22    Spells: 17/17 levels left

rFire    . . .     SeeInvis .   c - +7 dire flail (protect)
rCold    + + +     Gourm    .   (shield currently unavailable)
rNeg     + + +     Faith    .   n - +0 chain mail
rPois    ∞         Spirit   +   g - +1 helmet
rElec    +         Reflect  .   (no cloak)
rCorr    .         Harm     .   (no gloves)
MR       .....                  w - +2 pair of boots of Inwehef {rC++}
Stlth    ..........             J - amulet of guardian spirit
HPRegen  0.25/turn              D - +4 ring of dexterity
MPRegen  0.16/turn              O - +3 ring of evasion

@: agile, petrified
A: hooves 2, thin metallic scales 3, cold resistance 1, magic shield, rot
immunity
a: Draw Escape, Draw Destruction, Draw Summoning, Triple Draw, Renounce Religion


You were in an ice cave.
You worshipped Nemelex Xobeh.
Nemelex Xobeh was most pleased with you.
You were hungry.

You visited 1 branch of the dungeon, and saw 11 of its levels.
You also visited: Sewer, Ossuary and Ice Cave.

You collected 786 gold pieces.
You spent 90 gold pieces at shops.

Inventory:

Hand Weapons
 c - a +7 dire flail of protection (weapon)
 E - a +4 trident of flaming
 M - a +1 rapier of freezing
 N - a +4 long sword of freezing
Missiles
 t - 3 javelins (quivered)
Armour
 g - a +1 helmet (worn)
 n - a +0 chain mail (worn)
 p - a +2 shield
 w - the +2 pair of boots of Inwehef (worn) {rC++}
   (You found it on level 4 of the Dungeon)

   It greatly protects you from cold.
Jewellery
 b - an uncursed amulet of the gourmand
 d - an uncursed ring of wizardry
 z - an uncursed ring of protection from magic
 B - an uncursed ring of protection from fire
 D - a +4 ring of dexterity (left hand)
 J - an amulet of guardian spirit (around neck)
 O - a +3 ring of evasion (right hand)
Wands
 m - a wand of clouds (8)
 u - a wand of iceblast (12)
 A - a wand of polymorph (16)
 F - a wand of disintegration (13)
 H - a wand of flame (48)
Scrolls
 a - 2 scrolls of magic mapping
 e - 4 scrolls of remove curse
 k - 2 scrolls of teleportation
 l - a scroll of immolation
 y - a scroll of blinking
 C - a scroll of holy word {unknown}
 G - a scroll of noise {unknown}
 I - a scroll of fear {unknown}
 L - a scroll of brand weapon {unknown}
Potions
 h - a potion of haste {unknown}
 i - a potion of lignification {unknown}
 j - a potion of magic
 o - 2 potions of flight
 q - a potion of agility
 s - a potion of mutation {unknown}
 v - a potion of might
 x - a potion of brilliance {unknown}
Comestibles
 f - 16 rations


   Skills:
 + Level 7.1 Fighting
 + Level 2.3 Short Blades
   Level 4.0(7.4) Axes
 + Level 9.8(10.1) Maces & Flails
 * Level 6.0 Throwing
 * Level 7.2 Armour
 * Level 4.1 Dodging
 + Level 1.0 Stealth
 - Level 4.4 Shields
 * Level 3.3 Spellcasting
 - Level 8.4 Invocations
 - Level 5.9 Evocations


You had 17 spell levels left.
You didn't know any spells.
Your spell library contained the following spells:

 Spells                   Type           Power        Failure   Level  Hunger
 Animate Skeleton         Necr           N/A          91%         1    #......
 Apportation              Tloc           #.....       91%         1    #......
 Confusing Touch          Hex            #.....       91%         1    #......
 Summon Small Mammal      Summ           #...         91%         1    #......


Dungeon Overview and Level Annotations

Branches:
Dungeon (11/15)            Temple (0/1) D:6            Lair (0/6) D:11
    Orc: D:9-12

Altars:
Fedhas
Gozag
Kikubaaqudgha
Nemelex Xobeh
Okawaru
Qazlal
Sif Muna
Wu Jian
Zin

Shops:
D:5 ?   D:8 [

Portals:
Trove: D:10 (give +4 shadow dragon scales)

Annotations:
D:7 exclusion: oklob plant


Innate Abilities, Weirdness & Mutations

You have hoof-like feet.
You are completely covered in thin metallic scales. (AC +4, rElec)
Your flesh is cold resistant. (rC+)
When hurt, damage is shared between your health and your magic reserves.
You are immune to rotting.


Message History

You can no longer deal four cards at a time.
The catoblepas gores you!
* * * LOW HITPOINT WARNING * * *
The catoblepas breathes a plume of calcifying dust at you.
The blast of calcifying dust hits you but does no damage.
You are engulfed in calcifying dust.
You are slowing down.
The catoblepas breathes a plume of calcifying dust at you.
The blast of calcifying dust hits you but does no damage.
You feel agile all of a sudden.
You are engulfed in calcifying dust.
Your limbs have turned to stone.
You have turned to stone.
You are engulfed in calcifying dust.
The catoblepas gores you!
* * * LOW HITPOINT WARNING * * *
You are engulfed in calcifying dust.
The catoblepas gores you!
* * * LOW HITPOINT WARNING * * *
You are engulfed in calcifying dust.
The catoblepas gores you.
You are engulfed in calcifying dust.
The catoblepas gores you!
You die...
Your body disappears without a glow.

####...## ###..
##...#### ###
###....#######
###...#..†.#### ###
###....##.†.##
##.###### #########..#
###.#.#...## ###...##
#.Y###..Y⌠.# ##....##
###)Y###@#.#####....##
#hYh##..#####.....###
#.Y.###..####.....##
#..hY ##...#....###
##... ###....### ###.
#####..# $. #.## }#
###


You could see a catoblepas.

Vanquished Creatures
  A frost giant (IceCv)
  Harold (D:7)
  A two-headed ogre (D:11)
  A death yak (IceCv)
  The ghost of Esekla the Cutter, a novice OpEn of Ashenzari (D:8)
  Pikel (D:5)
  An orb spider (IceCv)
  A harpy (IceCv)
  An ice statue (IceCv)
  Joseph (D:8)
  A gargoyle (D:10)
  A tengu conjurer (D:10)
  9 polar bears (IceCv)
  The ghost of kaze the Chopper, an amateur HOFi of Trog (D:5)
  Sigmund (D:3)
  Eustachio (D:5)
  15 yaks (IceCv)
  2 hungry ghosts
  Edmund (D:4)
  2 ice beasts
  4 sky beasts
  4 phantoms
  A black bear (D:8)
  2 necrophages (D:5)
  4 ogres
  14 wolves (IceCv)
  2 centaurs
  4 big kobolds
  An elf zombie (Ossuary)
  4 bullfrogs
  3 scorpions
  10 killer bees
  11 wights
  4 howler monkeys (D:9)
  3 crimson imps
  A bullfrog zombie (D:10)
  A quasit (D:8)
  A human zombie (Ossuary)
  6 hounds
  A jelly (D:8)
  3 bullfrog skeletons
  A gnoll shaman (D:8)
  11 worker ants
  4 iguanas
  7 orc wizards
  A killer bee zombie (D:8)
  2 big kobold zombies (Ossuary)
  2 mummies (Ossuary)
  3 worker ant zombies
  Robin (D:3)
  13 gnolls
  12 adders
  A howler monkey skeleton (D:10)
  3 river rats (Sewer)
  4 shadow imps
  3 oozes
  4 adder zombies
  2 worms
  2 dart slugs
  9 leopard geckos
  22 orcs
  A ball python (D:3)
  5 giant cockroaches
  13 goblins
  10 hobgoblins
  5 jackals
  27 kobolds
  3 quokkas
  8 bats
  5 frilled lizards
  A goblin zombie (Ossuary)
  11 hobgoblin zombies (Ossuary)
  8 kobold zombies (Ossuary)
  A leopard gecko skeleton (D:4)
  8 orc zombies (Ossuary)
  5 rats
  2 rat zombies (Ossuary)
  A fungus (D:7)
  A plant (D:7)
350 creatures vanquished.

Vanquished Creatures (collateral kills)
  2 polar bears (IceCv)
  A wolf (IceCv)
  A killer bee (D:5)
4 creatures vanquished.

Vanquished Creatures (others)
  A slave (D:5)
  A wolf (IceCv)
2 creatures vanquished.

Grand Total: 356 creatures vanquished

Notes
Turn   | Place    | Note
-------+----------+-------------------------------------------
     0 | D:1      | lapinsky the Demonspawn Fighter began the quest for the
                  | Orb.
     0 | D:1      | Reached XP level 1. HP: 18/18 MP: 1/1
   228 | D:1      | Gained mutation: You have large cloven feet. [demonic
                  | ancestry]
   228 | D:1      | Reached XP level 2. HP: 24/24 MP: 2/2
   436 | D:1      | Gained mutation: You have hoof-like feet. [demonic
                  | ancestry]
   436 | D:1      | Reached XP level 3. HP: 29/29 MP: 3/3
  1029 | D:2      | Found an ancient bone altar of Kikubaaqudgha.
  1436 | D:3      | Found a faded altar of an unknown god.
  1603 | D:3      | Gained mutation: You are partially covered in thin metallic
                  | scales. (AC +2) [demonic ancestry]
  1603 | D:3      | Reached XP level 4. HP: 29/35 MP: 4/4
  1834 | D:3      | Found a sparkling altar of Nemelex Xobeh.
  1834 | D:3      | Found an iron altar of Okawaru.
  1848 | D:3      | Became a worshipper of Nemelex Xobeh the Trickster
  1879 | D:3      | Noticed Robin
  1890 | D:3      | Killed Robin
  1924 | D:3      | Noticed Sigmund
  1933 | D:3      | Killed Sigmund
  1933 | D:3      | Reached XP level 5. HP: 32/42 MP: 5/5
  1933 | D:3      | Gained mutation: You are mostly covered in thin metallic
                  | scales. (AC +3) [demonic ancestry]
  1933 | D:3      | Reached XP level 6. HP: 36/48 MP: 6/6
  2006 | D:3      | Received a gift from Nemelex Xobeh
  2150 | D:3      | Found a glowing silver altar of Zin.
  2528 | D:4      | Reached skill level 1 in Invocations
  2639 | D:4      | Reached skill level 1 in Short Blades
  2639 | D:4      | Reached skill level 1 in Evocations
  2649 | D:4      | Reached skill level 1 in Dodging
  2710 | D:4      | Gained mutation: You are completely covered in thin
                  | metallic scales. (AC +4, rElec) [demonic ancestry]
  2710 | D:4      | Reached XP level 7. HP: 46/53 MP: 8/8
  2856 | D:4      | Found an ornate altar of the Wu Jian Council.
  2992 | D:4      | Reached * piety under Nemelex Xobeh
  3032 | D:4      | Noticed Edmund
  3078 | D:4      | Killed Edmund
  3104 | D:4      | Got a pair of fine boots
  3116 | D:4      | Identified the +2 pair of boots of Inwehef {rC++} (You
                  | found it on level 4 of the Dungeon)
  3138 | D:4      | Found a deep blue altar of Sif Muna.
  3272 | D:5      | Entered Level 5 of the Dungeon
  3272 | D:5      | Found a stormy altar of Qazlal.
  3334 | D:5      | Reached skill level 1 in Throwing
  3334 | D:5      | Gained mutation: You are immune to rotting. [demonic
                  | ancestry]
  3334 | D:5      | Reached XP level 8. HP: 60/60 MP: 10/10
  3375 | D:5      | Found Idghed's Magic Scroll Emporium.
  3383 | D:5      | Bought a scroll of enchant weapon for 90 gold pieces
  3409 | D:5      | Reached skill level 1 in Maces & Flails
  3463 | D:5      | Noticed kaze's ghost (amateur HOFi)
  3482 | D:5      | Found a transporter.
  3487 | D:5      | Found a transporter.
  3553 | D:5      | Noticed Pikel
  3554 | D:5      | Noticed Eustachio
  3569 | D:5      | Killed Pikel
  3569 | D:5      | Reached skill level 3 in Maces & Flails
  3607 | D:5      | Killed Eustachio
  4036 | D:5      | Reached skill level 5 in Invocations
  4047 | D:5      | Killed kaze's ghost
  4047 | D:5      | Reached skill level 4 in Maces & Flails
  4047 | D:5      | Reached XP level 9. HP: 50/66 MP: 11/13
  4325 | D:6      | Received a gift from Nemelex Xobeh
  4396 | D:6      | Reached skill level 5 in Fighting
  4500 | D:6      | Found a staircase to the Ecumenical Temple.
  4846 | D:6      | Found a glowing drain.
  4867 | Sewer    | Entered a sewer
  4908 | Sewer    | Reached ** piety under Nemelex Xobeh
  4950 | Sewer    | Reached skill level 5 in Maces & Flails
  4973 | Sewer    | Found a glowing silver altar of Zin.
  5245 | D:7      | Found a sand-covered staircase.
  5260 | D:7      | Noticed Harold
  5284 | D:7      | Killed Harold
  5284 | D:7      | Reached skill level 6 in Maces & Flails
  5294 | Ossuary  | Entered an ossuary
  5462 | Ossuary  | Reached skill level 5 in Armour
  5462 | Ossuary  | Gained mutation: Your flesh is cold resistant. (rC+)
                  | [demonic ancestry]
  5462 | Ossuary  | Reached XP level 10. HP: 51/75 MP: 15/15
  5614 | D:7      | Received a gift from Nemelex Xobeh
  5767 | D:7      | Found an opulent altar of Gozag.
  6180 | D:7      | Found a blossoming altar of Fedhas.
  6191 | D:7      | Noticed an oklob plant
  6223 | D:7      | Noticed an orange demon
  6224 | D:7      | HP: 3/76 [acid (12)]
  6224 | D:7      | HP: 1/76 [orange demon[the player character] (2)]
  6687 | D:8      | Noticed Joseph
  6702 | D:8      | Killed Joseph
  6702 | D:8      | Reached skill level 5 in Evocations
  6897 | D:8      | Received a gift from Nemelex Xobeh
  6921 | D:8      | Found Xidghori's Antique Armour Shoppe.
  7076 | D:8      | Found a runed translucent door.
  7077 | D:8      | Noticed Esekla's ghost (novice OpEn)
  7150 | D:8      | Killed Esekla's ghost
  7150 | D:8      | Reached skill level 7 in Maces & Flails
  7162 | D:8      | Reached *** piety under Nemelex Xobeh
  7174 | D:8      | You fall through a shaft!
  7817 | D:9      | Received a gift from Nemelex Xobeh
  8165 | D:10     | Entered Level 10 of the Dungeon
  8178 | D:10     | Found a portal to a secret trove of treasure.
  8278 | D:10     | Received a gift from Nemelex Xobeh
  8407 | D:10     | Reached skill level 8 in Maces & Flails
  8407 | D:10     | Gained mutation: When hurt, damage is shared between your
                  | health and your magic reserves. [demonic ancestry]
  8407 | D:10     | Reached XP level 11. HP: 60/81 MP: 10/17
  8549 | D:10     | Reached **** piety under Nemelex Xobeh
  8817 | D:10     | Received a gift from Nemelex Xobeh
  9019 | D:11     | Found a staircase to the Lair.
  9019 | D:11     | Noticed a two-headed ogre
  9027 | D:11     | Killed a two-headed ogre
  9094 | D:11     | Paralysed by a hornet for 1 turns
  9250 | D:11     | Found a frozen archway.
  9265 | IceCv    | Entered an ice cave
  9348 | IceCv    | Noticed a soul eater
  9354 | IceCv    | Reached skill level 5 in Throwing
  9367 | IceCv    | HP: 1/83 [polar bear (13)]
  9618 | IceCv    | Noticed a harpy
  9618 | IceCv    | a polar bear changed into a harpy
  9624 | IceCv    | Killed a harpy
  9624 | IceCv    | Reached skill level 9 in Maces & Flails
  9624 | IceCv    | Reached skill level 1 in Spellcasting
 10087 | IceCv    | Reached skill level 1 in Stealth
 10143 | IceCv    | Noticed a death yak
 10163 | IceCv    | Killed a death yak
 10189 | IceCv    | Reached XP level 12. HP: 57/89 MP: 15/18
 10366 | IceCv    | Noticed a death yak
 10366 | IceCv    | Noticed a frost giant
 10369 | IceCv    | Noticed a catoblepas
 10369 | IceCv    | a death yak changed into a catoblepas
 10375 | IceCv    | Killed a frost giant
 10426 | IceCv    | HP: 2/91 [catoblepas (6)]
 10428 | IceCv    | Slain by a catoblepas

Skill      XL: |  1  2  3  4  5  6  7  8  9 10 11 12 |
---------------+-------------------------------------+-----
Armour         | 3 4 5 7 |  7.2
Axes           | 2 3 4 |  4.0
Shields        | 3 4 |  4.4
Invocations    | 1 3 5 6 8 |  8.4
Short Blades   | 1 2 |  2.3
Evocations     | 1 2 3 4 5 |  5.9
Dodging        | 1 2 3 4 |  4.1
Fighting       | 4 5 6 7 |  7.1
Throwing       | 1 2 3 4 5 6 |  6.0
Maces & Flails | 4 6 8 9 |  9.8
Spellcasting   | 2 3 |  3.3
Stealth        | 1 |  1.0

Action                   |  1- 3 |  4- 6 |  7- 9 | 10-12 || total
-------------------------+-------+-------+-------+-------++-------
Melee: War axe           |    97 |    36 |       |       ||   133
       Kick              |    23 |     9 |       |       ||    32
       Dagger            |       |   124 |    96 |       ||   220
       Dire flail        |       |       |   354 |   582 ||   936
       Trident           |       |       |       |    29 ||    29
Throw: Javelin           |       |       |    10 |    11 ||    21
Invok: Triple Draw       |       |       |       |     2 ||     2
 Abil: Draw Destruction  |       |     4 |     4 |    20 ||    28
       Draw Summoning    |       |       |     1 |     4 ||     5
Evoke: Wand              |       |       |     1 |    19 ||    20
  Use: Scroll            |     2 |     2 |    11 |     9 ||    24
       Potion            |       |     1 |     2 |    11 ||    14
  Eat: Ration            |     1 |     1 |     1 |     5 ||     8
       Chunk             |     1 |       |     5 |     2 ||     8
Armor: Scale mail        |    56 |       |       |       ||    56
       Chain mail        |     5 |    76 |   360 |   489 ||   930
Dodge: Dodged            |    37 |    27 |   235 |   398 ||   697
Block: Shield            |    54 |    85 |    41 |     3 ||   183
